AoeStats
← Macluffy

Arabian Desert

521427653Analyzed
1v1 RM · 20h ago on Nov 15, 2026· 24m 34s· 2 players
Game mode
Random Map
Map size
Tiny (2 player)
Population
200
Speed
Normal
Resources
Standard
Victory
Conquest
Starting age
Dark Age
Ending age
Imperial Age
RankedLock teamsTeams togetherTeam positionsShared explorationLock speedFull tech treeHidden civsTurbo modeCheats
Victory
Defeat
🇧🇪 Georgians · Belgium
2423
+11
vs
🇮🇹 Burgundians · Italy
2305
-11
Mettiu
3:24 Double-Bit Axe
6:22 Loom
9:20 Feudal Age
10:30 Bow Saw
10:30 Horse Collar
14:13 Padded Archer Armor
17:34 Fletching
18:37 Scale Barding Armor
23:45 Castle Age
24:46 Chain Barding Armor
23:47 Light Cavalry
24:27 Husbandry
Macluffy
8:51 Feudal Age
8:17 Loom
10:21 Double-Bit Axe
11:16 Horse Collar
17:23 Fletching
18:06 Forging
20:02 Wheelbarrow
24:20 Castle Age
23:50 Bloodlines
24:16 Gold Mining
25:05 Husbandry
Connection lost

Rejoining the realm…

Still unreachable

The connection could not be restored.

Session expired

The server has moved on; the page needs a fresh start.